 Dungeon Crawl Stone Soup version 0.22.1-6-g1668fe2 (webtiles) character file.

163 dengdeng the Slasher (level 5, -2/47 HPs)
             Began as a Minotaur Berserker on Jan 28, 2019.
             Was a Believer of Trog.
             Slain by Sigmund
             ... wielding a +0 scythe
              (10 damage)
             ... on level 3 of the Dungeon.
             The game lasted 00:04:19 (2002 turns).

dengdeng the Slasher (Minotaur Berserker)           Turns: 2002, Time: 00:04:20

Health: -2/47      AC:  5    Str: 22    XL:     5   Next: 20%
Magic:  4/4        EV: 11    Int:  4    God:    Trog [**....]
Gold:   271        SH:  0    Dex: 10    Spells: 4/4 levels left

rFire    . . .     SeeInvis .   a - +0 falchion
rCold    . . .     Gourm    .   (no shield)
rNeg     . . .     Faith    .   i - +0 ring mail
rPois    .         Spirit   .   (helmet restricted)
rElec    .         Reflect  .   (no cloak)
rCorr    .         Harm     .   (no gloves)
MR       .....                  (no boots)
Stlth    ..........             (no amulet)
HPRegen  0.15/turn              (no ring)
MPRegen  0.09/turn              (no ring)

@: berserk cooldown, slowed, very slow
A: retaliatory headbutt, horns 2
a: Berserk, Trog's Hand, Renounce Religion


You were on level 3 of the Dungeon.
You worshipped Trog.
Trog was pleased with you.
You were very hungry.

You visited 1 branch of the dungeon, and saw 3 of its levels.

You collected 271 gold pieces.

Inventory:

Hand Weapons
 a - a +0 falchion (weapon)
Missiles
 d - 64 stones (quivered)
Armour
 i - a +0 ring mail (worn)
Jewellery
 n - an uncursed ring of wizardry {unknown}
 o - an uncursed amulet of rage {unknown}
Scrolls
 f - a scroll of fog {unknown}
 g - a scroll of teleportation {unknown}
 j - 3 scrolls of magic mapping {unknown}
Potions
 b - a potion of magic {unknown}
 e - 2 potions of might {unknown}
 h - 2 potions of flight {unknown}
 k - a potion of mutation {unknown}
 l - a potion of degeneration {unknown}
 m - 2 potions of lignification {unknown}
Comestibles
 c - 4 rations


   Skills:
 + Level 4.7 Fighting
 * Level 5.6 Long Blades
 + Level 3.5 Armour
 + Level 2.7 Dodging


You had 4 spell levels left.
You didn't know any spells.
Your spell library was empty.

Dungeon Overview and Level Annotations

Branches:
Dungeon (3/15)

Altars:

Annotations:
D:3 Sigmund


Innate Abilities, Weirdness & Mutations

You reflexively headbutt those who attack you in melee.
You have a pair of horns on your head.


Message History

You hit the goblin.
You kill the goblin!
Trog accepts your kill. The goblin hits you but does no damage.
Sigmund misses you.
The goblin unwields an uncursed dagger of speed.
The goblin wields a hunting sling.
The goblin shoots a stone.
The stone barely misses you. The goblin closely misses you. Sigmund misses you.
You furiously retaliate!
You headbutt Sigmund, but do no damage.
You riposte.
You barely miss Sigmund.
Sigmund is lightly wounded.
The goblin shoots a stone.
The stone hits you.
* * * LOW HITPOINT WARNING * * *
Things that are here:
a stone; a dagger; a goblin corpse You hit Sigmund.
Sigmund is moderately wounded.
The goblin hits you but does no damage. The goblin hits you with a dagger.
* * * LOW HITPOINT WARNING * * *
Sigmund hits you with a scythe!
You die...

##< # #.#.. .. #. .
#.#.#. #.# #. #.
#.#.#.###.# ##'
##.##.#.#...#.# ##.. .
.....#.# #.#<# ##... .!
...#.###...# ##....
.##.##.#.......####.....
..g....@(.........'.....
.#..##@g.)...).####.....
#g#####..## ##<... #<
#.## ##... #. ...# ##..
.. #.#.# ##' #. #.#.# #.
#. # #.# #[ #. ..# ##.


You could see Sigmund and 3 goblins.

Vanquished Creatures
  An ogre (D:3)
  A worker ant (D:2)
  Robin (D:3)
  An ooze (D:2)
  A worm (D:2)
  2 giant cockroaches (D:1)
  9 goblins
  5 hobgoblins
  3 jackals (D:1)
  4 kobolds
  2 quokkas (D:2)
  6 bats (D:1)
  A frilled lizard (D:1)
  6 rats
43 creatures vanquished.

Notes
Turn   | Place    | Note
-------+----------+-------------------------------------------
     0 | D:1      | dengdeng the Minotaur Berserker began the quest for the
                  | Orb.
     0 | D:1      | Reached XP level 1. HP: 19/19 MP: 0/0
   410 | D:1      | Reached XP level 2. HP: 23/27 MP: 1/1
   470 | D:1      | Reached skill level 4 in Long Blades
   894 | D:2      | Reached ** piety under Trog
   973 | D:2      | Reached XP level 3. HP: 13/33 MP: 2/2
  1970 | D:3      | Noticed an ogre
  1976 | D:3      | Killed an ogre
  1976 | D:3      | Reached skill level 5 in Long Blades
  1976 | D:3      | Reached XP level 4. HP: 41/41 MP: 3/3
  1976 | D:3      | Reached XP level 5. HP: 47/47 MP: 4/4
  1986 | D:3      | Noticed Sigmund
  1988 | D:3      | Noticed Robin
  1991 | D:3      | Killed Robin
  2002 | D:3      | Slain by Sigmund

Skill      XL: |  1  2  3 |
---------------+----------+-----
Fighting       | 4 |  4.7
Long Blades    | 4 5 |  5.6
Armour         | 3 |  3.5
Dodging        | |  2.7

Action                   |  1- 3 |  4- 6 || total
-------------------------+-------+-------++-------
Melee: Falchion          |    65 |    12 ||    77
       Headbutt          |    10 |     2 ||    12
Invok: Berserk           |     1 |       ||     1
  Eat: Chunk             |     3 |       ||     3
Armor: Animal skin       |     2 |       ||     2
       Ring mail         |    16 |     7 ||    23
Dodge: Dodged            |    31 |    17 ||    48
       Rpst.: Falchion   |    10 |     3 ||    13
